 Dungeon Crawl Stone Soup version 0.31.0-11-ge490571c62 (webtiles) character file.

Game seed: 5830196888193200973

14472 Arctor the Destroyer (level 11, -10/54 HPs)
             Began as a Deep Elf Fire Elementalist on Feb 3, 2024.
             Was an Elder of Sif Muna.
             Mangled by a boulder beetle (18 damage)
             ... on level 2 of the Lair of Beasts.
             The game lasted 00:24:20 (17424 turns).

Arctor the Destroyer (Deep Elf Fire Elementalist)  Turns: 17424, Time: 00:24:21

Health: -10/54     AC:  9    Str:  5    XL:     11   Next: 89%
Magic:  20/27      EV: 15    Int: 31    God:    Sif Muna [****..]
Gold:   724        SH:  0    Dex: 15    Spells: 11/30 levels left

rFire   + . .        y - staff of fire
rCold   . . .        (no shield)
rNeg    . . .        m - +1 robe of Untruth {rElec rCorr}
rPois   .            D - +0 helmet
rElec   +            C - +0 cloak
rCorr   +            (no gloves)
SInv    .            (no boots)
Will    +....        (no amulet)
Stlth   +++          f - +4 ring of protection
HPRegen 0.29/turn    d - +6 ring of intelligence
MPRegen 0.20/turn

%: clarity
@: about to teleport
A: clarity, passive freeze
a: Renounce Religion, Channel Magic, Forget Spell, Divine Exegesis


You were on level 2 of the Lair of Beasts.
You worshipped Sif Muna.
Sif Muna was greatly pleased with you.
You visited 3 branches of the dungeon, and saw 13 of its levels.

You collected 724 gold pieces.

Inventory:

Hand Weapons
 l - a +2 spear of flaming
Missiles
 i - a throwing net
Armour
 m - the +1 robe of Untruth (worn) {rElec rCorr}
   (You found it on level 2 of the Dungeon)

   rElec:     It insulates you from electricity.
   rCorr:     It protects you from acid and corrosion.
 C - a +0 cloak (worn)
 D - a +0 helmet (worn)
Magical Staves
 y - a staff of fire (weapon)
 B - a staff of conjuration
Jewellery
 d - a +6 ring of intelligence (right hand)
 f - a +4 ring of protection (left hand)
 g - a ring of protection from fire
 q - a ring of poison resistance
 s - a ring of willpower
 t - a +5 ring of evasion
 z - a +6 ring of dexterity
 E - a ring of flight
Wands
 a - a wand of roots (12)
 v - a wand of polymorph (5)
 w - a wand of mindburst (23)
 F - a wand of flame (14)
 J - a wand of paralysis (4)
Scrolls
 c - 2 scrolls of enchant weapon
 j - a scroll of vulnerability
 k - 2 scrolls of silence
 o - 5 scrolls of teleportation
 p - a scroll of brand weapon
 u - 3 scrolls of immolation
 A - 5 scrolls of identify
 H - a scroll of fog
 M - a scroll of amnesia
Potions
 b - a potion of magic
 e - 3 potions of mutation
 h - 2 potions of might
 n - a potion of attraction
 r - a potion of brilliance
 x - a potion of invisibility
Miscellaneous
 I - a sack of spiders


   Skills:
 - Level 6.3 Dodging
 - Level 6.9 Stealth
 - Level 10.0 Spellcasting
 + Level 11.8 Conjurations
 - Level 8.5 Fire Magic
 + Level 10.0 Earth Magic
 + Level 1.1 Invocations
 - Level 5.1 Evocations


You had 11 spell levels left.
You knew the following spells:

 Your Spells              Type           Power      Damage    Failure   Level
a - Foxfire               Conj/Fire      100%       2x1d9     1%          1
b - Scorch                Fire           100%       2d9       1%          2
c - Inner Flame           Hex/Fire       58%        N/A       1%          3
d - Stone Arrow           Conj/Erth      100%       3d13      1%          3
e - Animate Armour        Summ/Erth      92%        N/A       4%          4
f - Starburst             Conj/Fire      43%        6d12      8%          6

Your spell library contained the following spells:

 Spells                   Type           Power      Damage    Failure   Level
 Dazzling Flash           Conj/Hex       100%       N/A       1%          3
 Volatile Blastmotes      Fire/Tloc      100%       2d18      1%          3
 Flame Wave               Conj/Fire      87%        2d19      1%          4
 Jinxbite                 Hex            30%        N/A       4%          2
 Sublimation of Blood     Necr           15%        N/A       4%          2
 Petrify                  Alch/Erth      46%        N/A       4%          4
 Irradiate                Conj/Alch      25%        3d20      8%          5
 Fugue of the Fallen      Necr           15%        N/A       10%         3
 Ozocubu's Armour         Ice            15%        N/A       10%         3
 Manifold Assault         Tloc           15%        N/A       32%         4
 Yara's Violent Unravell  Hex/Alch       7%         3d5       65%         5
 Lehudib's Crystal Spear  Conj/Erth      35%        10d9      94%         8
 Dispersal                Tloc           7%         N/A       99%         6
 Sculpt Simulacrum        Ice/Alch       7%         N/A       99%         6
 Enfeeble                 Hex            7%         N/A       100%        7
 Ozocubu's Refrigeration  Ice            7%         4d9       100%        7
 Disjunction              Tloc           7%         N/A       100%        8
 Maxwell's Capacitive Co  Air            7%         ∞         100%        8
 Polar Vortex             Ice            7%         12d1*     100%        9


Dungeon Overview and Level Annotations

Branches:
Dungeon (10/15)            Temple (1/1) D:4            Lair (2/5) D:9
 Spider (0/4) Lair:2
  Swamp: Lair:2-3    Shoals: Lair:2-3       Orc: D:9-12

Altars:
Ashenzari
Cheibriados
Dithmenos
Elyvilon
Fedhas
Gozag
Hepliaklqana
Kikubaaqudgha
Makhleb
Nemelex Xobeh
Okawaru
Qazlal
Ru
Sif Muna
Trog
Uskayaw
Vehumet
Wu Jian
Xom
Yredelemnul
Zin
The Shining One

Shops:
D:1 [   D:2 =***   D:4 *   D:6 *

Annotations:
D:3 1 transporter, occam's ghost, amateur HOFi
Lair:2 exclusion: upstairs


Innate Abilities, Weirdness & Mutations

You possess an exceptional clarity of mind.
A frigid envelope surrounds you and freezes all who hurt you.


Message History

Casting: Foxfire (safe; 1% risk of failure)
Confirm with . or Enter, or press ? or * to list all spells.
You feel a surge of power!
Flames lash the black mamba.
The black mamba hisses angrily.
The black mamba is moderately wounded.
The black mamba's fire resistance burns away.
The spriggan shouts!
The foxfire hits the boulder beetle but does no damage.
The foxfire hits the boulder beetle!
The boulder beetle is lightly wounded.
You feel a surge of power!
You conjure some foxfire!
The boulder beetle hits you!!
Ouch! That really hurt!
The boulder beetle is very cold.
The boulder beetle is lightly wounded.
The boulder beetle stops rolling and uncurls.
Casting: Foxfire (safe; 1% risk of failure)
Confirm with . or Enter, or press ? or * to list all spells.
You feel a surge of power!
Flames lash the boulder beetle but do no damage.
The foxfire hits the boulder beetle!
The boulder beetle is lightly wounded.
The foxfire hits the boulder beetle but does no damage.
The boulder beetle is lightly wounded.
The boulder beetle bites you!
* * * LOW HITPOINT WARNING * * *
You are too injured to fight recklessly!
Casting: Scorch (safe; 1% risk of failure)
Confirm with . or Enter, or press ? or * to list all spells.
You feel a surge of power!
Flames lash the boulder beetle but do no damage.
The boulder beetle closely misses you.
Okay, then.
Okay, then.
Okay, then.
As you read the scroll of teleportation, it crumbles to dust.
You feel strangely unstable.
The black mamba is no longer more vulnerable to fire.
The boulder beetle bites you!!
You die...

#........................♣♣......
....................P......^.....
#..............#####.............
#.............[#(.(#PP...........
...............#.$.#........#+..#
.....##..P.....#.i.#........#..##
..#...##P......##'##.......##...#
#.#..###....P...BS..........#..+.
................@PP.......##.....
........#♣..................÷P...
.......[...P.......P.....[..#....
..#.....##...P....P...♣P.#####..?
..#.....####.♣......♣♣...# ##...
..........#.##.........### #....
........#.............## #....
###......###...P..[...# #P...
.......### ######.....# ###.+


You could see a boulder beetle, a black mamba and a spriggan.

Vanquished Creatures
  2 two-headed ogres (D:9)
  A pharaoh ant (Lair:2)
  An oklob plant (Lair:2)
  Maurice (D:7)
  4 cane toads (Lair:2)
  Maggie (D:7)
  2 komodo dragons
  A troll (D:9)
  2 hornets
  5 blink frogs (Lair:1)
  A jumping spider (Lair:2)
  A shadow (D:9)
  Sigmund (D:6)
  5 wyverns
  8 yaks
  2 basilisks
  4 steam dragons
  2 acid dragons
  Duvessa (D:6)
  3 water moccasins
  4 orc warriors
  A sky beast (D:6)
  2 ice beasts
  2 black bears
  2 centaurs
  2 ogres (D:6)
  2 wolves (D:9)
  A weeping skull (D:3)
  A phantom (D:4)
  2 kobold brigands
  6 bullfrogs
  2 gnoll sergeants
  10 scorpions
  4 wights
  Dowan (D:6)
  9 killer bees
  5 howler monkeys
  10 hounds
  A jelly (D:5)
  Crazy Yiuf (D:7)
  7 orc priests
  2 gnoll boudas
  A sleepcap (D:7)
  4 iguanas
  7 orc wizards
  13 gnolls
  7 adders
  5 shadow imps (D:6)
  A white imp (D:6)
  2 ufetubi (D:6)
  3 dart slugs (D:1)
  2 ribbon worms
  37 orcs
  4 bats
  4 endoplasms
  2 giant cockroaches
  9 goblins
  4 hobgoblins
  2 jackals (D:3)
  18 kobolds
  2 quokkas
  4 ball pythons
  4 frilled lizards
  6 rats
  A spectral hobgoblin (D:3)
  A spectral orc (D:3)
268 creatures vanquished.

Vanquished Creatures (collateral kills)
  15 foxfires
15 creatures vanquished.

Vanquished Creatures (others)
  A human (D:10)
  1556 foxfires
1557 creatures vanquished.

Grand Total: 1840 creatures vanquished

Notes
Turn   | Place    | Note
-------+----------+-------------------------------------------
     0 | D:1      | Arctor the Deep Elf Fire Elementalist began the quest for
                  | the Orb.
     0 | D:1      | Reached XP level 1. HP: 10/10 MP: 6/6
    83 | D:1      | Found Gafud's Armour Boutique.
   350 | D:1      | Reached XP level 2. HP: 5/15 MP: 1/8
   425 | D:1      | Learned a level 2 spell: Scorch
  1465 | D:2      | Found Fuanwuce's General Store.
  1479 | D:2      | Found Ruog's General Store.
  1538 | D:2      | Found Waxzi's Jewellery Shop.
  1568 | D:2      | Identified the +1 robe of Untruth {rElec rCorr}
  1607 | D:2      | Reached XP level 3. HP: 19/19 MP: 2/9
  1664 | D:2      | Found Imacwic's General Store.
  1671 | D:2      | Learned a level 3 spell: Inner Flame
  2164 | D:2      | Learned a level 3 spell: Stone Arrow
  2815 | D:3      | Reached skill level 2 in Conjurations
  3173 | D:3      | Found an ornate altar of the Wu Jian Council.
  3254 | D:3      | Found a basalt altar of Yredelemnul.
  3254 | D:3      | Noticed a weeping skull
  3264 | D:3      | Killed a weeping skull
  3265 | D:3      | Reached skill level 1 in Earth Magic
  3265 | D:3      | Reached XP level 4. HP: 24/24 MP: 1/12
  3378 | D:3      | Found a burning altar of Makhleb.
  3431 | D:3      | Reached XP level 5. HP: 28/28 MP: 13/13
  3512 | D:3      | Found a faded altar of an unknown god.
  3603 | D:3      | Noticed occam's ghost (amateur HOFi)
  3626 | D:3      | Found a transporter.
  3729 | D:3      | Identified the +11 spear of Popular Demand {chaos, +Blink
                  | rCorr Str+4}
  3729 | D:3      | Identified the +0 scale mail of Vehumet's Whim {rN++ Slay-5
                  | SInv}
  3776 | D:3      | Found a transporter.
  4077 | D:4      | Found a staircase to the Ecumenical Temple.
  4135 | Temple   | Entered the Ecumenical Temple
  4140 | Temple   | Became a worshipper of Sif Muna the Loreminder
  4171 | D:4      | Found Viristry's General Store.
  4206 | D:4      | Noticed a phantom
  4210 | D:4      | Killed a phantom
  4376 | D:4      | Found a sacrificial altar of Ru.
  4431 | D:4      | Found a stormy altar of Qazlal.
  4477 | D:4      | Noticed a black bear
  4483 | D:4      | Killed a black bear
  4484 | D:4      | Reached skill level 3 in Conjurations
  4484 | D:4      | Reached XP level 6. HP: 32/32 MP: 7/14
  5172 | D:5      | Entered Level 5 of the Dungeon
  5480 | D:5      | Reached skill level 5 in Spellcasting
  5484 | D:5      | Reached XP level 7. HP: 36/36 MP: 8/16
  5983 | D:5      | Reached skill level 5 in Stealth
  6182 | D:5      | Gained mutation: You are dopey. (Int -2) [potion of
                  | mutation]
  6182 | D:5      | Gained mutation: You are agile. (Dex +4, Str/Int -1)
                  | [potion of mutation]
  6190 | D:5      | HP: 1/36 [poisoned by a scorpion]
  6207 | D:5      | Reached skill level 4 in Conjurations
  6207 | D:5      | Reached skill level 5 in Fire Magic
  6406 | D:5      | Found a blossoming altar of Fedhas.
  6495 | D:5      | Found a glowing silver altar of Zin.
  6495 | D:5      | Noticed an angel
  6702 | D:5      | Reached skill level 5 in Dodging
  6762 | D:5      | Reached * piety under Sif Muna
  7014 | D:6      | Found a sparkling altar of Nemelex Xobeh.
  7078 | D:6      | Reached XP level 8. HP: 37/41 MP: 4/18
  7430 | D:6      | Noticed Duvessa
  7435 | D:6      | Noticed Dowan
  7440 | D:6      | Killed Duvessa
  7443 | D:6      | Killed Dowan
  7983 | D:6      | Reached skill level 5 in Conjurations
  8010 | D:6      | Found Wiages's General Store.
  8179 | D:6      | Noticed Sigmund
  8189 | D:6      | Killed Sigmund
  8190 | D:6      | Reached XP level 9. HP: 37/45 MP: 7/21
  8316 | D:6      | Reached ** piety under Sif Muna
  8597 | D:3      | Learned a level 4 spell: Animate Armour
  8876 | D:7      | Identified the blade talisman "Beraajokk" {rPois rF++}
  8902 | D:7      | Identified the +4 scale mail of Otwes {rCorr}
  9336 | D:7      | Learned a level 6 spell: Starburst
  9386 | D:7      | Found a hazy altar of Hepliaklqana.
  9405 | D:7      | Found a radiant altar of Vehumet.
  9426 | D:7      | Found a shimmering altar of Xom.
  9478 | D:7      | Reached skill level 6 in Conjurations
  9607 | D:7      | Noticed Maggie
  9617 | D:7      | Killed Maggie
  9889 | D:7      | Noticed Maurice
  9897 | D:7      | Killed Maurice
 10014 | D:7      | Found a runed translucent door.
 10020 | D:7      | Noticed Crazy Yiuf
 10025 | D:7      | Killed Crazy Yiuf
 10323 | D:8      | Reached skill level 7 in Conjurations
 11026 | D:8      | Reached XP level 10. HP: 37/50 MP: 14/25
 11121 | D:9      | Reached *** piety under Sif Muna
 11533 | D:8      | Reached skill level 10 in Spellcasting
 11544 | D:8      | Reached skill level 8 in Conjurations
 11739 | D:8      | Reached skill level 5 in Earth Magic
 12144 | D:9      | Noticed a two-headed ogre
 12153 | D:9      | Killed a two-headed ogre
 12154 | D:9      | Reached skill level 9 in Conjurations
 12190 | D:9      | Noticed a two-headed ogre
 12197 | D:9      | Killed a two-headed ogre
 12579 | D:9      | Reached skill level 10 in Conjurations
 12858 | D:9      | Reached XP level 11. HP: 29/54 MP: 17/27
 13131 | D:8      | Reached **** piety under Sif Muna
 13668 | D:9      | Found a staircase to the Lair.
 13938 | D:10     | Entered Level 10 of the Dungeon
 14020 | D:10     | Identified the +4 dagger "Fiod" {drain, Str+4}
 14051 | D:10     | Found an ancient bone altar of Kikubaaqudgha.
 14441 | D:10     | Reached skill level 1 in Evocations
 15232 | Lair:1   | Entered Level 1 of the Lair of Beasts
 15409 | Lair:1   | Lost mutation: You are dopey. (Int -2) [potion of mutation]
 15409 | Lair:1   | Lost mutation: You are agile. (Dex +4, Str/Int -1) [potion
                  | of mutation]
 15409 | Lair:1   | Gained mutation: A frigid envelope surrounds you and
                  | freezes all who hurt you. [potion of mutation]
 15409 | Lair:1   | Gained mutation: You possess an exceptional clarity of
                  | mind. [potion of mutation]
 15644 | Lair:1   | Reached skill level 11 in Conjurations
 16166 | Lair:2   | Noticed an oklob plant
 16187 | Lair:2   | Killed an oklob plant
 16435 | Lair:2   | Found a hole to the Spider Nest.
 16440 | Lair:2   | Noticed a pharaoh ant
 16445 | Lair:2   | Killed a pharaoh ant
 17100 | Lair:2   | Reached skill level 5 in Evocations
 17203 | Lair:2   | Reached skill level 10 in Earth Magic
 17339 | Lair:2   | Reached skill level 1 in Invocations
 17417 | Lair:2   | Noticed a boulder beetle
 17424 | Lair:2   | Mangled by a boulder beetle

Illustrated notes

Levels and vault maps discovered:
D:1:      dpeg_arrival_water_fire, layout_loops_ring, serial_shops,
          nicolae_diamond_shop
D:2:      layout_loops_cross, serial_shops, shop, shop, shop,
          nicolae_shop_window_shopping
D:3:      layout_loops_cross, nicolae_wu_jian_immortal_techniques,
          yredelemnul_forgotten_temple_becter, lightli_temple_of_fire,
          gammafunk_ghost_gnarly_gnolls,
          dreamdust_ecumenical_altar_drowned_temple, minmay_diced_spiral
D:4:      layout_loops_ring, nicolae_ru_sacrificial_ziggurat,
          mainiacjoe_overflow_boulevard, minmay_temple_entry_overgrown,
          serial_shops, shop, minmay_misc_feat_columns
D:5:      layout_basic, zin_angel, kennysheep_mini
D:6:      layout_rooms, mainiacjoe_overflow_six_doors_small, serial_shops,
          nicolae_shop_getting_attention, serial_library_regret_index_headful,
          uniq_sigmund, uniq_duvessa
D:7:      layout_cave_pools, minitemple, minmay_misc_feat_plants,
          uniq_crazy_yiuf_cottage, uniq_maggie, uniq_maurice
D:8:      layout_basic, st_stairs_10
D:9:      layout_long_grid, erik_lair_island, kennysheep_opposing_triangles
D:10:     layout_loops_ring, tgw_kikubaaqudgha
Temple:   hellmonk_temple_micro_hex
Lair:1:   layout_hall_layers, grunt_megastairs_5
Lair:2:   layout_roguey, nicolae_spider_entry_lesser_pyramids,
          grunt_forest_large_clearing_hut

Skill      XL: |  1  2  3  4  5  6  7  8  9 10 11 |
---------------+----------------------------------+-----
Stealth        | 3 4 5 6 |  6.9
Dodging        | 3 4 5 6 |  6.3
Conjurations   | 2 3 4 5 7 10 11 | 11.8
Spellcasting   | 4 5 7 9 10 | 10.0
Fire Magic     | 4 5 6 8 |  8.5
Earth Magic    | 1 2 3 4 7 10 | 10.0
Evocations     | 5 |  5.1
Invocations    | 1 |  1.1

Action                     |  1- 3 |  4- 6 |  7- 9 | 10-12 || total
---------------------------+-------+-------+-------+-------++-------
  Melee: Unarmed           |     9 |       |       |       ||     9
         Spear             |    18 |    11 |     2 |       ||    31
         Staff             |       |       |       |    11 ||    11
   Cast: Foxfire           |   154 |    93 |   334 |   386 ||   967
         Scorch            |    11 |    15 |    52 |   146 ||   224
         Animate Armour    |       |       |     1 |       ||     1
         Starburst         |       |       |       |     1 ||     1
    Use: Scroll            |     1 |     2 |     7 |     3 ||    13
         Potion            |       |       |    10 |     5 ||    15
   Stab: Sleeping          |       |     1 |       |       ||     1
 Armour: Robe              |    34 |    20 |    40 |   134 ||   228
  Dodge: Dodged            |    50 |    26 |    45 |   178 ||   299
